 Dungeon Crawl Stone Soup version 0.13-b1-17-g3cedf87 (webtiles) character file.

7387 Chiseanne the Protected (level 10, -6/71 HPs)
             Began as a Demonspawn Monk on Sept 30, 2013.
             Was the Champion of Cheibriados.
             Killed by divine providence
             ... invoked by an orc priest
              (13 damage)
             ... on Level 3 of the Orcish Mines.
             The game lasted 01:06:32 (12623 turns).

Chiseanne the Protected (Demonspawn Monk)          Turns: 12623, Time: 01:06:32

HP  -6/71        AC 14     Str 26      XL: 10   Next: 64%
MP  23/23        EV 16     Int 34      God: Cheibriados [******]
Gold 1076        SH  0     Dex 31      Spells:  4 memorised,  6 levels left

Res.Fire  : . . .   See Invis. : .   a - +0,+2 elf short sword (venom)
Res.Cold  : . . .   Warding    : .   p - +1 elf ring mail
Life Prot.: . . .   Conserve   : .   (no shield)
Res.Poison: .       Res.Corr.  : .   w - +1 helmet
Res.Elec. : .       Clarity    : .   (no cloak)
Sust.Abil.: . .     Spirit.Shd : .   k - +1 pair of orc gloves
Res.Mut.  : .       Stasis     : .   (no boots)
Res.Rott. : .       Flight     : .   (no amulet)
Saprovore : . . .                    O - +7,+4 ring of slaying
                                     D - +4 ring of intelligence

@: about to teleport, heavily drained, very slow, somewhat resistant to hostile
enchantments, very stealthy
A: talons 2, berserk 1, +10% mp, nightstalker 2, spiny 1, AC +2
a: Bend Time, Temporal Distortion, Slouch, Step From Time, Renounce Religion


You were on level 3 of the Orcish Mines.
You worshipped Cheibriados.
Cheibriados was exalted by your worship.
You were hungry.

You visited 3 branches of the dungeon, and saw 11 of its levels.
You also visited: Sewer.

You collected 1076 gold pieces.

Inventory:

Hand weapons
 a - a +0,+2 elven short sword of venom (weapon)
 d - a -1,+0 orcish morningstar
 f - a +0,+0 orcish flail of holy wrath
 h - a +0,+0 whip of venom
 m - a +1,+3 orcish hand axe of electrocution {=f}
 q - a +0 blowgun
 s - a +4,+4 quarterstaff of protection
Missiles
 e - a dart
 j - 24 steel darts
 u - 44 poisoned needles
 y - a poisoned dart (quivered)
Armour
 k - a +1 pair of orcish gloves (worn)
 p - a +1 elven ring mail (worn)
 w - a +1 helmet (worn)
Magical devices
 x - a wand of teleportation (3)
Comestibles
 b - 4 bread rations
 l - a rambutan
 t - 2 chokos
 B - 2 meat rations
 C - a pear
 F - a sausage
 J - 2 apples
Scrolls
 g - a scroll of recharging
 o - a scroll of remove curse
 v - a scroll of amnesia
Jewellery
 z - an uncursed ring of flight
 D - a +4 ring of intelligence (left hand)
 O - a +7,+4 ring of slaying (right hand)
Potions
 H - 2 potions of curing
 L - a potion of flight
Books
 G - a book of the Sky

   Spells                             Type                      Level
   *Flight                            Charms/Air                   3
   *Airstrike                         Air                          4
   Silence                            Hexes/Air                    5
   Deflect Missiles                   Charms/Air                   6
   Conjure Ball Lightning             Conjuration/Air              7
   Tornado                            Air                          9
 I - a book of the Warp

   Spells                             Type                      Level
   *Recall                            Summoning/Translocation      3
   *Control Teleport                  Charms/Translocation         4
   Phase Shift                        Translocation                5
   Warp Weapon                        Charms/Translocation         5
   Dispersal                          Translocation                6
   Controlled Blink                   Translocation                7
   Disjunction                        Translocation                8


   Skills:
 * Level 4.4(2.8) Fighting
 * Level 9.3(7.5) Armour
 * Level 6.9(5.2) Dodging
 * Level 2.9(1.4) Stealth
 - Level 3.6(2.1) Unarmed Combat
 * Level 5.6(4.0) Spellcasting
 * Level 2.2(0.7) Summonings
 * Level 1.7(0.3) Translocations
 * Level 5.3(3.7) Air Magic
 * Level 2.6(1.1) Invocations


You had 6 spell levels left.
You knew the following spells:

 Your Spells              Type           Power        Failure   Level  Hunger
a - Flight                Chrm/Air       ###.......   10%         3    ##.....
b - Recall                Summ/Tloc      N/A          12%         3    ##.....
c - Airstrike             Air            ####......   12%         4    ###....
d - Control Teleport      Chrm/Tloc      #.........   50%         4    ###....


Dungeon Overview and Level Annotations

Branches:
Dungeon (7/27)             Temple (1/1) D:6             Orc (3/4) D:7
    Elf: Orc:3-4

Altars:
Cheibriados
Elyvilon
Fedhas
Makhleb
Nemelex Xobeh
Okawaru
Sif Muna
Trog
Yredelemnul
Zin
the Shining One
Lugonu

Shops:
D:6 %   Orc:1 +

Annotations:
Orc:3 Maurice


Innate Abilities, Weirdness & Mutations

You have razor-sharp toenails.
You are partially covered in yellow scales (AC +2).
You are significantly more attuned to the shadows.
You are partially covered in sharp spines.
You tend to lose your temper in combat.
You have an increased reservoir of magic (+10% MP).


Message History

Read which item? (? for menu, Esc to quit)
As you read the scroll of teleportation, it crumbles to dust.
You feel strangely unstable. The hobgoblin barely misses you.
The orc priest's eyes start to glow.
Wield which item (- for none, * to show all)? (? for menu, Esc to quit)
Your uncursed orcish hand axe of electrocution {=f} stops crackling.
It begins to drip with poison!
a - a +0,+2 elven short sword of venom (weapon)
Maurice shouts!
You slash the hobgoblin!
You kill the hobgoblin!
Cheibriados appreciates the change of pace.
The orc priest invokes the aid of Beogh against you.
Something smites you!
* * * LOW HITPOINT WARNING * * *
You hit the orc.
The orc is poisoned.
Your kick misses the orc.
The orc is heavily wounded.
The orc priest mumbles some strange prayers to Beogh against you.
Something smites you!
You die...

.........
...........
.#.........$
#...#......#
#.<.#Co...#
#....o#.##
##.#.##
###o## #.@.#
##@## ...
...## #.###
##


You could see a stone giant, Maurice, an orc priest and 2 orcs.

Vanquished Creatures
  The ghost of akwyp the Hoplite, an experienced GrFi of Ashenzari (D:7)
  Erolcha (Orc:2)
  Joseph (Orc:3)
  9 orc warriors
  2 phantoms
  6 ogres
  3 sky beasts
  A centaur (D:7)
  5 wargs
  Duvessa (D:6)
  3 giant frogs
  3 wights (D:6)
  A goliath beetle (D:7)
  2 crimson imps
  Dowan (D:6)
  20 orc wizards
  2 hounds
  16 orc priests
  A gnoll shaman (D:6)
  5 scorpions
  3 worker ants
  A worker ant zombie (D:6)
  A green rat (Sewer)
  A giant centipede (D:3)
  7 gnolls
  7 adders
  An inept item mimic (D:6)
  2 giant mites
  An inept feature mimic (D:6)
  A worm (D:6)
  21 grey rats (Sewer)
  A giant eyeball (D:5)
  4 giant geckos
  2 oozes
  136 orcs
  11 ball pythons
  A bat skeleton (D:4)
  4 giant cockroaches
  11 hobgoblins
  5 jackals
  32 kobolds
  3 quokkas
  5 bats
  3 giant newts (D:1)
  2 giant spores (D:7)
  2 gnoll skeletons (D:5)
  13 goblins
  16 rats
  A rat skeleton (D:4)
  15 ballistomycetes (D:7)
  2 plants (Temple)
399 creatures vanquished.

Vanquished Creatures (others)
  An orc (Orc:3)
  A giant spore (D:7)
2 creatures vanquished.

Grand Total: 401 creatures vanquished

Notes
Turn   | Place    | Note
--------------------------------------------------------------
     0 | D:1      | Chiseanne, the Demonspawn Monk, began the quest for the Orb.
     0 | D:1      | Reached XP level 1. HP: 16/16 MP: 0/0
   561 | D:1      | Gained mutation: You have sharp toenails. [demonic ancestry]
   561 | D:1      | Reached XP level 2. HP: 20/22 MP: 1/1
  1176 | D:2      | Reached XP level 3. HP: 26/28 MP: 2/2
  1846 | D:3      | Found a glowing drain.
  1893 | Sewer    | Entered a sewer
  2017 | Sewer    | Reached XP level 4. HP: 8/34 MP: 3/3
  2022 | Sewer    | HP: 1/34 [grey rat (2)]
  2337 | Sewer    | Reached skill level 4 in Dodging
  3133 | Sewer    | Gained mutation: You are partially covered in sharp spines. [demonic ancestry]
  3133 | Sewer    | Reached XP level 5. HP: 40/40 MP: 4/4
  3216 | Sewer    | HP: 2/40 [poisoned by a kobold]
  3219 | Sewer    | Gained mutation: You are somewhat resistant to further mutation. [potion of mutation]
  3219 | Sewer    | Gained mutation: You tend to lose your temper in combat. [potion of mutation]
  3651 | D:3      | Gained mutation: You have an increased reservoir of magic (+10% MP). [potion of mutation]
  3656 | D:3      | Learned a level 3 spell: Flight
  4022 | D:3      | Reached skill level 5 in Dodging
  4036 | D:3      | Lost mutation: You are somewhat resistant to further mutation. [potion of mutation]
  4374 | D:4      | Found a white marble altar of Elyvilon.
  4452 | D:4      | Gained mutation: You are partially covered in yellow scales (AC +2). [demonic ancestry]
  4452 | D:4      | Reached XP level 6. HP: 47/47 MP: 6/6
  4873 | D:4      | Reached skill level 1 in Armour
  4873 | D:4      | Reached skill level 1 in Spellcasting
  4875 | D:4      | Reached skill level 1 in Air Magic
  5150 | D:5      | Entered Level 5 of the Dungeon
  5228 | D:5      | Found a deep blue altar of Sif Muna.
  5292 | D:5      | Found a glowing silver altar of Zin.
  5346 | D:5      | Gained mutation: You are slightly more attuned to the shadows. [demonic ancestry]
  5346 | D:5      | Reached XP level 7. HP: 50/52 MP: 8/8
  5925 | D:5      | Found an iron altar of Okawaru.
  5925 | D:5      | Found a sparkling altar of Nemelex Xobeh.
  6270 | D:6      | Learned a level 4 spell: Airstrike
  6288 | D:6      | Found Kunwuip's Food Shop.
  6328 | D:6      | Reached XP level 8. HP: 54/59 MP: 13/13
  6417 | D:6      | Found a staircase to the Ecumenical Temple.
  6430 | Temple   | Entered the Ecumenical Temple
  6473 | Temple   | Became a worshipper of Cheibriados the Contemplative
  6473 | Temple   | Acquired Cheibriados' first power
  7086 | D:6      | Noticed Duvessa
  7087 | D:6      | Noticed Dowan
  7097 | D:6      | Killed Dowan
  7098 | D:6      | Killed Duvessa
  7098 | D:6      | Reached skill level 5 in Armour
  7592 | D:7      | Acquired Cheibriados' second power
  7728 | D:7      | Reached skill level 6 in Armour
  7777 | D:7      | Noticed akwyp's ghost (experienced GrFi)
  7826 | D:7      | Found a bloodstained altar of Trog.
  7838 | D:7      | Gained mutation: You are significantly more attuned to the shadows. [demonic ancestry]
  7838 | D:7      | Reached XP level 9. HP: 48/64 MP: 18/18
  8240 | D:7      | Killed akwyp's ghost
  8240 | D:7      | Reached skill level 7 in Armour
  8360 | D:7      | Learned a level 3 spell: Recall
  8554 | D:7      | Found a staircase to the Orcish Mines.
  8562 | D:7      | Reached skill level 8 in Armour
  8570 | D:7      | Learned a level 4 spell: Control Teleport
  8727 | Orc:1    | Entered Level 1 of the Orcish Mines
  8771 | Orc:1    | Acquired Cheibriados' third power
  8902 | Orc:1    | HP: 1/64 [orc warrior/orcish halberd (17)]
  8912 | Orc:1    | Reached skill level 5 in Spellcasting
  9294 | Orc:2    | Reached skill level 9 in Armour
  9295 | Orc:2    | Acquired Cheibriados' fourth power
 10162 | Orc:1    | Found Ishukuun's Book Boutique.
 10174 | Orc:1    | Gained mutation: You have razor-sharp toenails. [demonic ancestry]
 10174 | Orc:1    | Reached XP level 10. HP: 71/71 MP: 22/22
 10186 | Orc:1    | Reached skill level 1 in Invocations
 10783 | Orc:3    | Reached skill level 5 in Air Magic
 11102 | Orc:2    | Reached skill level 1 in Summonings
 11705 | Orc:2    | Noticed Erolcha
 11729 | Orc:2    | Killed Erolcha
 11729 | Orc:2    | Reached skill level 1 in Translocations
 12182 | Orc:3    | Noticed Joseph
 12206 | Orc:3    | Killed Joseph
 12587 | Orc:3    | Noticed Maurice
 12616 | Orc:3    | Noticed a stone giant
 12623 | Orc:3    | Killed from afar by an orc priest

Action                   |  1- 3 |  4- 6 |  7- 9 | 10-12 || total
-------------------------+-------+-------+-------+-------++-------
Melee: Unarmed           |    24 |       |       |       ||    24
       Dagger            |   108 |   187 |    75 |       ||   370
       Whip              |       |       |    89 |       ||    89
       Short sword       |       |       |   179 |   146 ||   325
       Long sword        |       |       |    23 |       ||    23
       War axe           |       |       |    42 |       ||    42
       Morningstar       |       |       |     8 |       ||     8
       Quarterstaff      |       |       |       |    17 ||    17
       Hand axe          |       |       |       |     2 ||     2
 Fire: Blowgun           |       |    11 |    16 |    14 ||    41
Throw: Dart              |       |     3 |    25 |    11 ||    39
       Hand axe          |       |       |     1 |       ||     1
       Spear             |       |       |     1 |       ||     1
 Cast: Airstrike         |       |       |     4 |     7 ||    11
Evoke: Wand              |       |       |     8 |       ||     8
  Use: Potion            |     2 |    12 |     9 |     4 ||    27
       Scroll            |       |    18 |     7 |     4 ||    29
 Stab: Sleeping          |       |     4 |    12 |       ||    16
       Paralysed         |       |       |     2 |       ||     2
       Distracted        |       |       |     2 |     1 ||     3
       Invisible         |       |       |       |     1 ||     1
